[Event "SixDays Budapest IM-B June 2024"]
[Site "Budapest"]
[Date "2024.06.05"]
[Round "5.5"]
[White "Nanditha V"]
[Black "Bashylina, Luisa"]
[Result "0-1"]
[ECO "B96"]
[WhiteElo "1852"]
[BlackElo "2250"]
[Annotator "RC"]
[PlyCount "128"]
[EventDate "2024.06.01"]
[EventType "tourn"]
[EventCountry "HUN"]
[SourceTitle "playchess.com"]
[Source "ChessBase"]
[SourceQuality "1"]
[TimeControl "5400+30"]

1. e4 c5 2. Nf3 d6 3. d4 cxd4 4. Nxd4 Nf6 5. Nc3 a6 6. Bg5 e6 7. f4 h6 8. Bh4 Nbd7 9. Qf3 e5 10. Bxf6 Nxf6 11. Nb3 Be7 12. f5 b5 13. a3 Bb7 14. Rd1 Qb6 15. Nd5 Bxd5 16. exd5 O-O 17. g4 e4 18. Qe2 Nd7 19. h4 g5 20. fxg6 fxg6 21. Nd4 Bf6 22. c3 Nc5 23. Qe3 Be5 24. Ne6 Rf3 25. Qg1 Bg3+ 26. Kd2 Bf2 27. Qg2 Be3+ 28. Kc2 Rf2+ 29. Kb1 Rxg2 30. Bxg2 Nxe6 31. dxe6 d5 32. Rxd5 Qxe6 33. Rdd1 Rf8 34. g5 Rf2 35. Rd8+ Rf8 36. Bh3 Qb3 37. Rd6 Kh8 38. Be6 Qa4 39. Ka2 Bc5 40. Rc6 Bxa3 41. Bb3 Qa5 42. Rxg6 Bc5+ 43. Kb1 h5 44. Rd1 Qc7 45. Be6 Bd6 46. Rh6+ Kg7 47. Bb3 Be5 48. Bc2 Qc4 49. Rxa6 Rf1 50. Ra7+ Kg6 51. Ra6+ Kf5 52. Rxf1+ Qxf1+ 53. Ka2 Qe2 54. Kb1 Qe1+ 55. Ka2 Qxh4 56. Ra5 Qf2 57. Bb1 b4 58. Kb3 bxc3 59. Bxe4+ Kxe4 60. bxc3 Qb6+ 61. Ka4 Bxc3 62. Rb5 Qa6+ 63. Kb3 Qxb5+ 64. Kxc3 Qxg5 0-1

[Event "SixDays Budapest IM-B June 2024"]
[Site "Budapest"]
[Date "2024.06.06"]
[Round "6.1"]
[White "Horvath, David"]
[Black "Bashylina, Luisa"]
[Result "1-0"]
[ECO "D70"]
[WhiteElo "2313"]
[BlackElo "2250"]
[Annotator "RC"]
[PlyCount "77"]
[EventDate "2024.06.01"]
[EventType "tourn"]
[EventCountry "HUN"]
[SourceTitle "playchess.com"]
[Source "ChessBase"]
[SourceQuality "1"]
[TimeControl "5400+30"]

1. d4 Nf6 2. c4 g6 3. f3 d5 4. cxd5 Nxd5 5. e4 Nb6 6. Nc3 Bg7 7. Be3 O-O 8. Qd2 Nc6 9. O-O-O Qd6 10. Nb5 Qd7 11. Bh6 Bxh6 12. Qxh6 a6 13. Nc3 Nxd4 14. f4 f6 15. Nf3 e5 16. fxe5 fxe5 17. Nxe5 Qe6 18. Nxg6 Nb3+ 19. axb3 Qxg6 20. Bc4+ Nxc4 21. Qxg6+ hxg6 22. bxc4 Be6 23. c5 Rf2 24. Rd2 Raf8 25. Nd1 R2f4 26. Re1 Rf1 27. Rxf1 Rxf1 28. Kc2 Re1 29. Kd3 b6 30. cxb6 cxb6 31. Kd4 Kf7 32. Nc3 Ke7 33. Ke5 Bf5 34. Rd1 Rxd1 35. Nxd1 Be6 36. Nc3 b5 37. Nd5+ Kd7 38. Nc7 Bc4 39. Nxa6 1-0

[Event "SixDays Budapest IM-B June 2024"]
[Site "Budapest"]
[Date "2024.06.06"]
[Round "6.2"]
[White "Van Zyl-Rudd, Jack"]
[Black "Nanditha V"]
[Result "1-0"]
[ECO "B12"]
[WhiteElo "2292"]
[BlackElo "1852"]
[Annotator "RC"]
[PlyCount "45"]
[EventDate "2024.06.01"]
[EventType "tourn"]
[EventCountry "HUN"]
[SourceTitle "playchess.com"]
[Source "ChessBase"]
[SourceQuality "1"]
[TimeControl "5400+30"]

1. e4 c6 2. d4 d5 3. f3 dxe4 4. fxe4 e5 5. Nf3 Bg4 6. c3 exd4 7. Bc4 Bxf3 8. Qxf3 Qh4+ 9. g3 Qf6 10. Qe2 d3 11. Qxd3 Nd7 12. Rf1 Ne5 13. Qe2 Qe7 14. Bf4 Nf6 15. Bxe5 Qxe5 16. Rf5 Qc7 17. e5 O-O-O 18. exf6 Ba3 19. Kf1 Rhe8 20. Qg4 g6 21. Rf2+ Kb8 22. Nxa3 b5 23. Bb3 1-0

[Event "SixDays Budapest IM-B June 2024"]
[Site "Budapest"]
[Date "2024.06.06"]
[Round "6.3"]
[White "Krizsany, Laszlo"]
[Black "Nagarkatte Vedant"]
[Result "0-1"]
[ECO "A01"]
[WhiteElo "2330"]
[BlackElo "2272"]
[Annotator "RC"]
[PlyCount "170"]
[EventDate "2024.06.01"]
[EventType "tourn"]
[EventCountry "HUN"]
[SourceTitle "playchess.com"]
[Source "ChessBase"]
[SourceQuality "1"]
[TimeControl "5400+30"]

1. b3 d5 2. Bb2 c5 3. e3 Nc6 4. Bb5 Bd7 5. Nf3 e6 6. O-O Nf6 7. d3 Be7 8. Nbd2 a6 9. Bxc6 Bxc6 10. Ne5 Rc8 11. Qe2 O-O 12. f4 Nd7 13. Ndf3 Nxe5 14. Nxe5 f6 15. Nxc6 Rxc6 16. c4 Rd6 17. d4 dxc4 18. bxc4 Qc7 19. f5 Rc8 20. Rac1 Qd7 21. fxe6 Rxe6 22. d5 Re4 23. Qd3 Rg4 24. e4 Bd6 25. Qh3 Re8 26. Rfe1 Re7 27. a4 Rgxe4 28. Qxd7 Rxe1+ 29. Rxe1 Rxd7 30. Re6 Kf7 31. Ba3 Be7 32. a5 Bd8 33. Bxc5 Bxa5 34. Kf2 Bc7 35. h3 Be5 36. Ke3 b5 37. Rxa6 bxc4 38. Ke4 Rc7 39. Bb6 Rc8 40. Ra7+ Kg6 41. Be3 Re8 42. Ra6 Bb2+ 43. Kf3 Rd8 44. Ke4 Re8+ 45. Kf3 Re5 46. d6 Rd5 47. Bf4 Rd3+ 48. Ke2 Kf5 49. Bh2 Be5 50. Bxe5 Kxe5 51. Rc6 Rxd6 52. Rxc4 g5 53. Ke3 Rd5 54. Rc7 h5 55. g4 h4 56. Re7+ Kd6 57. Ra7 Rb5 58. Ra3 Ke5 59. Kf3 Rb4 60. Ra5+ Ke6 61. Ra6+ Kf7 62. Ra7+ Ke6 63. Ra6+ Ke5 64. Ra5+ Kd4 65. Ra3 Rc4 66. Rb3 Ra4 67. Re3 Ra2 68. Re6 Rh2 69. Rxf6 Rxh3+ 70. Kg2 Rg3+ 71. Kh2 Ke4 72. Rf5 Rxg4 73. Ra5 Rg3 74. Ra2 Kf5 75. Ra5+ Kg4 76. Ra4+ Kh5 77. Ra2 Rb3 78. Rc2 Rb5 79. Ra2 g4 80. Rc2 h3 81. Rc8 Rb2+ 82. Kg1 Kh4 83. Rc3 Rb4 84. Rc1 g3 85. Ra1 h2+ 0-1

[Event "SixDays Budapest IM-B June 2024"]
[Site "Budapest"]
[Date "2024.06.06"]
[Round "6.4"]
[White "Danilenko, Dmitriy"]
[Black "Advaitt Srikant Koduri"]
[Result "1-0"]
[ECO "B76"]
[WhiteElo "2403"]
[BlackElo "2066"]
[Annotator "RC"]
[PlyCount "77"]
[EventDate "2024.06.01"]
[EventType "tourn"]
[EventCountry "HUN"]
[SourceTitle "playchess.com"]
[Source "ChessBase"]
[SourceQuality "1"]
[TimeControl "5400+30"]

1. e4 c5 2. Nf3 d6 3. d4 cxd4 4. Nxd4 Nf6 5. Nc3 g6 6. Be3 Bg7 7. f3 O-O 8. Qd2 Nc6 9. O-O-O d5 10. Nxc6 bxc6 11. Bc4 e6 12. Bb3 Qc7 13. h4 Bb7 14. Bf4 e5 15. Bh6 d4 16. Na4 c5 17. Bc4 Qc6 18. b3 Ba6 19. Nb2 Bxc4 20. Nxc4 Rfe8 21. Bxg7 Kxg7 22. h5 Rab8 23. hxg6 fxg6 24. Qg5 Qe6 25. a3 Rb7 26. Rh4 Kg8 27. Qd2 Rb5 28. Rdh1 Re7 29. g4 Reb7 30. Qd3 a6 31. Rh6 Rf7 32. Qe2 Rb8 33. Qh2 Re7 34. Rxg6+ hxg6 35. Qh8+ Kf7 36. Qxb8 Ne8 37. Rh7+ Kf6 38. Qd8 Ng7 39. g5+ 1-0

[Event "SixDays Budapest IM-B June 2024"]
[Site "Budapest"]
[Date "2024.06.06"]
[Round "6.5"]
[White "Izsak, Gyula"]
[Black "Varga, Csaba Zoltan"]
[Result "0-1"]
[ECO "A04"]
[WhiteElo "2386"]
[BlackElo "2157"]
[Annotator "RC"]
[PlyCount "68"]
[EventDate "2024.06.01"]
[EventType "tourn"]
[EventCountry "HUN"]
[SourceTitle "playchess.com"]
[Source "ChessBase"]
[SourceQuality "1"]
[TimeControl "5400+30"]

1. Nf3 d6 2. d4 g6 3. g3 Bg7 4. Bg2 Nd7 5. O-O e5 6. dxe5 dxe5 7. Nc3 Ngf6 8. e4 O-O 9. Qe2 a5 10. Rd1 Qe7 11. Ne1 b6 12. Nd5 Nxd5 13. exd5 Ba6 14. c4 Rae8 15. b3 e4 16. Rb1 f5 17. Bf4 Be5 18. Bh6 Rf7 19. Qd2 Nf6 20. Rbc1 Ng4 21. Bg5 Qf8 22. h3 h6 23. hxg4 hxg5 24. gxf5 gxf5 25. c5 bxc5 26. Qxa5 Be2 27. Rd2 Bg4 28. Qxc5 Bd6 29. Qc2 Qh6 30. f3 Bxg3 31. Kf1 exf3 32. Nxf3 Bxf3 33. Bxf3 g4 34. Bg2 Qf4+ 0-1

[Event "SixDays Budapest IM-B June 2024"]
[Site "Budapest"]
[Date "2024.06.07"]
[Round "7.2"]
[White "Advaitt Srikant Koduri"]
[Black "Izsak, Gyula"]
[Result "1/2-1/2"]
[ECO "A40"]
[WhiteElo "2066"]
[BlackElo "2386"]
[Annotator "RC"]
[PlyCount "35"]
[EventDate "2024.06.01"]
[EventType "tourn"]
[EventCountry "HUN"]
[SourceTitle "playchess.com"]
[Source "ChessBase"]
[SourceQuality "1"]
[TimeControl "5400+30"]

1. d4 e6 2. Nf3 c5 3. c3 Nf6 4. Bf4 b6 5. e3 Bb7 6. Nbd2 Be7 7. Nc4 d5 8. Ncd2 O-O 9. Bd3 Ne4 10. O-O f5 11. Bxb8 Rxb8 12. Ne5 Nxd2 13. Qxd2 Bd6 14. f4 Bxe5 15. fxe5 c4 16. Bc2 Bc6 17. b4 a5 18. Rfb1 1/2-1/2

[Event "SixDays Budapest IM-B June 2024"]
[Site "Budapest"]
[Date "2024.06.07"]
[Round "7.3"]
[White "Nagarkatte Vedant"]
[Black "Danilenko, Dmitriy"]
[Result "1/2-1/2"]
[ECO "C54"]
[WhiteElo "2272"]
[BlackElo "2403"]
[Annotator "RC"]
[PlyCount "24"]
[EventDate "2024.06.01"]
[EventType "tourn"]
[EventCountry "HUN"]
[SourceTitle "playchess.com"]
[Source "ChessBase"]
[SourceQuality "1"]
[TimeControl "5400+30"]

1. e4 e5 2. Nf3 Nc6 3. Bc4 Bc5 4. c3 Nf6 5. d3 O-O 6. Nbd2 d5 7. exd5 Nxd5 8. Ne4 Be7 9. O-O Nb6 10. Bb3 Bf5 11. Re1 Bg6 12. Ng3 Qxd3 1/2-1/2

[Event "SixDays Budapest IM-B June 2024"]
[Site "Budapest"]
[Date "2024.06.07"]
[Round "7.4"]
[White "Nanditha V"]
[Black "Krizsany, Laszlo"]
[Result "0-1"]
[ECO "B04"]
[WhiteElo "1852"]
[BlackElo "2330"]
[Annotator "RC"]
[PlyCount "92"]
[EventDate "2024.06.01"]
[EventType "tourn"]
[EventCountry "HUN"]
[SourceTitle "playchess.com"]
[Source "ChessBase"]
[SourceQuality "1"]
[TimeControl "5400+30"]

1. e4 Nf6 2. e5 Nd5 3. d4 d6 4. Nf3 Nb6 5. a4 a5 6. Nc3 g6 7. h4 h6 8. h5 g5 9. Bb5+ c6 10. Bd3 Bg7 11. Qe2 dxe5 12. dxe5 Qc7 13. Be3 Bg4 14. O-O-O N8d7 15. Bd4 Bxf3 16. gxf3 Bxe5 17. Rhe1 Bf6 18. Bxf6 Nxf6 19. Bf5 O-O 20. Kb1 e6 21. Bd3 Qf4 22. Rg1 Rad8 23. Qe3 Nbd5 24. Nxd5 Nxd5 25. Qe4 Qxe4 26. fxe4 Nf4 27. b3 Kg7 28. Rh1 Rd4 29. Kc1 Rfd8 30. Bc4 Rxd1+ 31. Rxd1 Rxd1+ 32. Kxd1 Kf6 33. Kd2 Ke5 34. f3 Nxh5 35. Ke3 Nf4 36. c3 h5 37. b4 b6 38. bxa5 bxa5 39. Kf2 h4 40. Ba6 Ng6 41. Bd3 Kf4 42. Ba6 Ne5 43. Be2 h3 44. Bf1 g4 45. fxg4 Nxg4+ 46. Kg1 Kg3 0-1

[Event "SixDays Budapest IM-B June 2024"]
[Site "Budapest"]
[Date "2024.06.07"]
[Round "8.2"]
[White "Krizsany, Laszlo"]
[Black "Bashylina, Luisa"]
[Result "1/2-1/2"]
[ECO "D80"]
[WhiteElo "2330"]
[BlackElo "2250"]
[Annotator "RC"]
[PlyCount "92"]
[EventDate "2024.06.01"]
[EventType "tourn"]
[EventCountry "HUN"]
[SourceTitle "playchess.com"]
[Source "ChessBase"]
[SourceQuality "1"]
[TimeControl "5400+30"]

1. d4 Nf6 2. c4 g6 3. Nc3 d5 4. Bg5 Bg7 5. e3 c5 6. Nf3 cxd4 7. Nxd4 dxc4 8. Bxc4 O-O 9. O-O Bd7 10. Qe2 Nc6 11. Rad1 Qc8 12. Bxf6 exf6 13. Nd5 Nxd4 14. exd4 Kh8 15. Ne3 f5 16. Bb5 Re8 17. Qd3 Re4 18. Bxd7 Qxd7 19. Nc2 Rae8 20. b3 Qd5 21. f3 Re2 22. Rf2 R2e7 23. g3 b5 24. Kg2 a6 25. Rdd2 h5 26. Rfe2 Rxe2+ 27. Rxe2 Rd8 28. Rd2 Bf6 29. Qe3 Kg7 30. Qf4 Qc6 31. h4 a5 32. Qe3 Rd5 33. Qf4 Qd7 34. Qe3 Qc7 35. Kh3 Qd7 36. Kg2 Qe6 37. Qxe6 fxe6 38. f4 e5 39. fxe5 Bxe5 40. Kf3 Kf7 41. Rd3 Bg7 42. Rc3 Ke6 43. Rc6+ Rd6 44. Rc5 Rd5 45. Rc6+ Rd6 46. Rc5 Rd5 1/2-1/2

[Event "SixDays Budapest IM-B June 2024"]
[Site "Budapest"]
[Date "2024.06.07"]
[Round "8.3"]
[White "Danilenko, Dmitriy"]
[Black "Nanditha V"]
[Result "1-0"]
[ECO "B12"]
[WhiteElo "2403"]
[BlackElo "1852"]
[Annotator "RC"]
[PlyCount "96"]
[EventDate "2024.06.01"]
[EventType "tourn"]
[EventCountry "HUN"]
[SourceTitle "playchess.com"]
[Source "ChessBase"]
[SourceQuality "1"]
[TimeControl "5400+30"]

1. e4 c6 2. d4 d5 3. f3 dxe4 4. fxe4 e5 5. Nf3 Bg4 6. c3 Nd7 7. Bd3 Bd6 8. O-O Ngf6 9. Be3 O-O 10. Nbd2 Bh5 11. Kh1 Qe7 12. Qc2 c5 13. d5 Bg6 14. Bg5 h6 15. Bh4 Bh5 16. Nc4 Bxf3 17. Rxf3 g5 18. Ne3 Ne8 19. Nf5 Qf6 20. Qd2 Ng7 21. Raf1 Be7 22. d6 Bd8 23. Ne7+ Bxe7 24. Rxf6 Bxf6 25. Bb5 gxh4 26. Bxd7 Bg5 27. Qd5 Rad8 28. Qxb7 Rb8 29. Qxa7 Rxb2 30. Qxc5 Bf4 31. Bg4 h5 32. d7 Rbb8 33. Bh3 Rfd8 34. Qe7 Rf8 35. Qxh4 f6 36. Qf2 h4 37. Qxh4 Kf7 38. Qf2 Rh8 39. Rd1 f5 40. g3 Rxh3 41. d8=Q Rxd8 42. Rxd8 Bxg3 43. Qa7+ Kg6 44. exf5+ Nxf5 45. Rg8+ Kf6 46. Qb6+ Ke7 47. Qd8+ Ke6 48. Rg6+ Kf7 1-0

[Event "SixDays Budapest IM-B June 2024"]
[Site "Budapest"]
[Date "2024.06.07"]
[Round "8.4"]
[White "Izsak, Gyula"]
[Black "Nagarkatte Vedant"]
[Result "1/2-1/2"]
[ECO "A01"]
[WhiteElo "2386"]
[BlackElo "2272"]
[Annotator "RC"]
[PlyCount "116"]
[EventDate "2024.06.01"]
[EventType "tourn"]
[EventCountry "HUN"]
[SourceTitle "playchess.com"]
[Source "ChessBase"]
[SourceQuality "1"]
[TimeControl "5400+30"]

1. b3 e5 2. c4 Nc6 3. Bb2 Nge7 4. e3 d5 5. cxd5 Nxd5 6. a3 Be6 7. Bb5 Bd6 8. Nf3 f6 9. Qc2 O-O 10. Bxc6 bxc6 11. d4 Kh8 12. O-O Qe8 13. Nbd2 Qh5 14. Qe4 f5 15. Qh4 Qxh4 16. Nxh4 e4 17. g3 Rab8 18. Rfc1 Ne7 19. b4 a5 20. Bc3 axb4 21. Bxb4 Bxb4 22. axb4 Rxb4 23. Rc2 Rfb8 24. Ng2 g5 25. h4 h6 26. hxg5 hxg5 27. f3 Rb2 28. Rac1 Rxc2 29. Rxc2 exf3 30. Nxf3 Bd5 31. Kf2 Be4 32. Ra2 g4 33. Nd2 Bxg2 34. Kxg2 Nd5 35. e4 fxe4 36. Nxe4 Rb4 37. Rd2 Kg7 38. Kf2 Rb3 39. Kg1 Re3 40. Nf2 Re1+ 41. Kh2 Ne3 42. Rd3 Nf1+ 43. Kg2 Ne3+ 44. Kh2 Re2 45. Kg1 Re1+ 46. Kh2 Kf7 47. Rc3 Nf1+ 48. Kg2 Ne3+ 49. Kh2 Re2 50. Kg1 Re1+ 51. Kh2 Rf1 52. Rxe3 Rxf2+ 53. Kg1 Rf6 54. Re4 Rg6 55. Kf2 Rf6+ 56. Kg2 Rg6 57. Kf2 Rf6+ 58. Kg2 Rg6 1/2-1/2

[Event "SixDays Budapest IM-B June 2024"]
[Site "Budapest"]
[Date "2024.06.07"]
[Round "8.5"]
[White "Varga, Csaba Zoltan"]
[Black "Advaitt Srikant Koduri"]
[Result "1-0"]
[ECO "A45"]
[WhiteElo "2157"]
[BlackElo "2066"]
[Annotator "RC"]
[PlyCount "113"]
[EventDate "2024.06.01"]
[EventType "tourn"]
[EventCountry "HUN"]
[SourceTitle "playchess.com"]
[Source "ChessBase"]
[SourceQuality "1"]
[TimeControl "5400+30"]

1. h4 d5 2. d4 Nf6 3. Bg5 Ne4 4. Nd2 Nxg5 5. hxg5 Bf5 6. e3 Qd6 7. Bd3 Bxd3 8. cxd3 Nd7 9. Qb3 O-O-O 10. f4 f6 11. g6 e5 12. Rxh7 Rxh7 13. gxh7 Be7 14. Ne2 Rh8 15. Ne4 Qb4+ 16. N4c3 Rxh7 17. Kf2 c6 18. Nxd5 cxd5 19. Rc1+ Kd8 20. Qxd5 Rh8 21. Kf3 g5 22. Ng3 Qd2 23. Qc4 Ke8 24. Nf5 g4+ 25. Kg3 Qe2 26. Qd5 exf4+ 27. Kxf4 Qf2+ 28. Kxg4 Rh4+ 29. Nxh4 f5+ 30. Qxf5 Nf6+ 31. Kh3 Qxe3+ 32. Nf3 Qxc1 33. Qb5+ Kf8 34. Qf5 Qh6+ 35. Kg3 Qe3 36. Qc8+ Kg7 37. Qxb7 Nh5+ 38. Kh2 Qf4+ 39. g3 Qxg3+ 40. Kh1 Qh3+ 41. Kg1 Qe6 42. Ne5 Nf4 43. Kf2 Nd5 44. Ke2 Kh6 45. Qxa7 Bf6 46. Qf7 Nf4+ 47. Ke3 Ng2+ 48. Ke4 Qxf7 49. Nxf7+ Kg6 50. Ne5+ Kg7 51. a4 Bd8 52. b4 Ne1 53. Nc6 Bc7 54. a5 Nc2 55. b5 Na3 56. b6 Bd6 57. a6 1-0

[Event "SixDays Budapest IM-B June 2024"]
[Site "Budapest"]
[Date "2024.06.08"]
[Round "9.1"]
[White "Advaitt Srikant Koduri"]
[Black "Horvath, David"]
[Result "0-1"]
[ECO "A45"]
[WhiteElo "2066"]
[BlackElo "2313"]
[Annotator "RC"]
[PlyCount "46"]
[EventDate "2024.06.01"]
[EventType "tourn"]
[EventCountry "HUN"]
[SourceTitle "playchess.com"]
[Source "ChessBase"]
[SourceQuality "1"]
[TimeControl "5400+30"]

1. d4 Nf6 2. Bf4 c5 3. c3 cxd4 4. cxd4 Qb6 5. Qc2 Nc6 6. e3 d6 7. Nc3 Bf5 8. Qb3 Qxb3 9. axb3 e5 10. dxe5 dxe5 11. Bg3 Ne4 12. Bb5 f6 13. Nf3 Bb4 14. Nd2 Nxc3 15. bxc3 Bxc3 16. Bxc6+ bxc6 17. Rc1 Bb4 18. Ke2 O-O-O 19. Rhd1 Bd3+ 20. Kf3 Kb7 21. Ne4 Rd5 22. h4 Rhd8 23. Rh1 f5 0-1

[Event "SixDays Budapest IM-B June 2024"]
[Site "Budapest"]
[Date "2024.06.08"]
[Round "9.2"]
[White "Nagarkatte Vedant"]
[Black "Varga, Csaba Zoltan"]
[Result "1-0"]
[ECO "C41"]
[WhiteElo "2272"]
[BlackElo "2157"]
[Annotator "RC"]
[PlyCount "69"]
[EventDate "2024.06.01"]
[EventType "tourn"]
[EventCountry "HUN"]
[SourceTitle "playchess.com"]
[Source "ChessBase"]
[SourceQuality "1"]
[TimeControl "5400+30"]

1. e4 d6 2. d4 Nf6 3. Nc3 e5 4. Nf3 Nbd7 5. h3 Be7 6. Be3 c6 7. g4 h6 8. Rg1 b5 9. a3 a6 10. h4 exd4 11. Nxd4 Ne5 12. Be2 Nh7 13. Qd2 Bxh4 14. O-O-O g6 15. f4 c5 16. fxe5 cxd4 17. Qxd4 O-O 18. exd6 Bf6 19. e5 Bg7 20. d7 Bb7 21. Qd6 Qh4 22. Bb6 Rfd8 23. Bxd8 Rxd8 24. e6 Qg5+ 25. Kb1 fxe6 26. Qxe6+ Kh8 27. Ne4 Qe5 28. Qxe5 Bxe5 29. Nc5 Bc6 30. Rd3 Nf8 31. Rf1 Kg8 32. Bf3 Bxf3 33. Rfxf3 Bc7 34. Nb7 Rb8 35. d8=Q 1-0

[Event "SixDays Budapest IM-B June 2024"]
[Site "Budapest"]
[Date "2024.06.08"]
[Round "9.3"]
[White "Nanditha V"]
[Black "Izsak, Gyula"]
[Result "0-1"]
[ECO "B40"]
[WhiteElo "1852"]
[BlackElo "2386"]
[Annotator "RC"]
[PlyCount "108"]
[EventDate "2024.06.01"]
[EventType "tourn"]
[EventCountry "HUN"]
[SourceTitle "playchess.com"]
[Source "ChessBase"]
[SourceQuality "1"]
[TimeControl "5400+30"]

1. e4 c5 2. Nf3 e6 3. g3 b6 4. Bg2 Bb7 5. Qe2 d6 6. O-O Nf6 7. d3 Be7 8. Nbd2 O-O 9. b3 Nfd7 10. Ne1 Bf6 11. Rb1 Nc6 12. Nc4 Qc7 13. Bb2 Bxb2 14. Rxb2 Nd4 15. Qd1 d5 16. exd5 Bxd5 17. c3 Bxg2 18. Nxg2 Nc6 19. f4 Rad8 20. g4 Nf6 21. h4 Nd5 22. Qe1 b5 23. Nce3 b4 24. c4 Nxe3 25. Qxe3 Rd4 26. g5 Ne7 27. h5 Nf5 28. Qh3 Rfd8 29. Rf3 a5 30. Rd2 Qd7 31. Kh2 a4 32. bxa4 Qxa4 33. g6 fxg6 34. hxg6 hxg6 35. Nh4 Kf7 36. Nxf5 exf5 37. Qg2 Qd7 38. Qg5 Qe6 39. Rh3 Qd6 40. Rf3 Rxc4 41. Re2 Rd4 42. Kg1 Re8 43. Rg2 Re1+ 44. Kh2 Re6 45. Qg3 Re8 46. Rc2 Rd8 47. Rg2 Kg8 48. Kh1 Rxd3 49. Rxd3 Qxd3 50. Qxg6 Qf1+ 51. Kh2 Qxf4+ 52. Rg3 Qh4+ 53. Kg1 Rd1+ 54. Kf2 Qf4+ 0-1

[Event "SixDays Budapest IM-B June 2024"]
[Site "Budapest"]
[Date "2024.06.08"]
[Round "9.4"]
[White "Bashylina, Luisa"]
[Black "Danilenko, Dmitriy"]
[Result "1/2-1/2"]
[ECO "D10"]
[WhiteElo "2250"]
[BlackElo "2403"]
[Annotator "RC"]
[PlyCount "53"]
[EventDate "2024.06.01"]
[EventType "tourn"]
[EventCountry "HUN"]
[SourceTitle "playchess.com"]
[Source "ChessBase"]
[SourceQuality "1"]
[TimeControl "5400+30"]

1. d4 d5 2. c4 c6 3. cxd5 cxd5 4. Nc3 Nf6 5. f3 Qb6 6. e4 dxe4 7. fxe4 e5 8. dxe5 Ng4 9. Qe2 Nc6 10. Nf3 Bb4 11. Bd2 O-O 12. Nd5 Qc5 13. h3 Bxd2+ 14. Qxd2 Ngxe5 15. Nxe5 Nxe5 16. Rc1 Qd6 17. Be2 Qd8 18. O-O Be6 19. Rfd1 Bxd5 20. exd5 Qd6 21. Qc3 Rfd8 22. Kh1 Kf8 23. Qb3 Rd7 24. Bb5 Rdd8 25. Be2 Rd7 26. Bb5 Rdd8 27. Be2 1/2-1/2